 Dungeon Crawl Stone Soup version 0.31.0-32-g396128a36d (webtiles) character file.

Game seed: 16788673278910845146

258 RotoRooter the Changeling (level 5, -5/45 HPs)
             Began as a Draconian Shapeshifter on Apr 15, 2024.
             Slain by an ogre
             ... wielding a +0 giant club
              (20 damage)
             ... on level 5 of the Dungeon.
             The game lasted 00:07:53 (2829 turns).

RotoRooter the Changeling (Draconian Shapeshifter)  Turns: 2829, Time: 00:07:54

Health: -5/45      AC:  5    Str: 19    XL:     5   Next: 94%
Magic:  5/5        EV: 13    Int: 10    God:
Gold:   252        SH:  0    Dex: 16    Spells: 4/4 levels left

rFire   . .          .
                       - Unarmed
rCold   + . .        (no shield)
rNeg    . . .        (body armour unavailable)
rPois   .            (helmet currently unavailable)
rElec   .            (cloak currently unavailable)
rCorr   .            (gloves currently unavailable)
SInv    .            (boots currently unavailable)
Will    .....        q - amulet of faith
Stlth   +            t - +6 ring of dexterity
HPRegen 0.27/turn    h - ring of protection from cold
MPRegen 0.09/turn

%: faith
@: beast-form
A: beast (slay +2), AC +5, unfitting armour, cold-blooded
a: Begin Untransformation


You were on level 5 of the Dungeon.
You were a hulking beast.
You visited 1 branch of the dungeon, and saw 5 of its levels.

You collected 288 gold pieces.
You spent 36 gold pieces at shops.

Inventory:

Missiles
 k - 5 silver javelins (quivered)
Jewellery
 e - a ring of fire
 h - a ring of protection from cold (right hand)
 m - a ring of magical power
 q - an amulet of faith (around neck)
 t - a +6 ring of dexterity (left hand)
Talismans
 b - a beast talisman
 c - a flux talisman
Wands
 r - a wand of polymorph (11)
Scrolls
 d - a scroll of immolation
 g - 3 scrolls of identify
 i - a scroll of teleportation {unknown}
 o - a scroll of vulnerability {unknown}
 p - a scroll of enchant weapon {unknown}
 u - a scroll of amnesia {unknown}
Potions
 f - 2 potions of heal wounds {unknown}
 l - a potion of resistance {unknown}
 n - a potion of might {unknown}
 s - a potion of invisibility {unknown}
 v - a potion of enlightenment {unknown}
 w - a potion of haste {unknown}


   Skills:
 - Level 3.0 Fighting
 - Level 3.0 Dodging
 - Level 4.0 Unarmed Combat
 * Level 4.4 Shapeshifting


You had 4 spell levels left.
You didn't know any spells.
Your spell library was empty.

Dungeon Overview and Level Annotations

Branches:
Dungeon (5/15)
 Temple: D:4-7

Altars:
Cheibriados
The Shining One

Shops:
D:2 !


Innate Abilities, Weirdness & Mutations

You are a hulking beast.
Your limbs bulge with bestial killing power. (Slay +2)
Your plain brown scales are hard. (AC +5)
You cannot fit into any form of body armour.
You are cold-blooded and may be slowed by cold attacks.


Message History

The crimson imp is heavily wounded.
The orc zombie closely misses you. The crimson imp closely misses you.
You barely miss the crimson imp.
The crimson imp is moderately wounded.
The orc zombie barely misses you.
You hit the crimson imp.
The crimson imp is severely wounded.
The crimson imp hits you but does no damage.
You barely miss the crimson imp.
The crimson imp is severely wounded.
The crimson imp hits you but does no damage.
The kobold skeleton hits you but does no damage.
The orc zombie hits you but does no damage.
The goblin skeleton hits you but does no damage.
You closely miss the crimson imp.
The crimson imp is severely wounded.
The crimson imp hits you. The orc zombie hits you.
The goblin skeleton closely misses you.
Unknown command.
You hit the crimson imp. You tail-slap the crimson imp.
You kill the crimson imp!
The orc zombie barely misses you. The goblin skeleton closely misses you.
The ogre attacks as it pursues you!
The ogre hits you with a +0 giant club!!
Ouch! That really hurt!
As you read the scroll labelled HIEGRE PITI, it crumbles to dust.
You feel aware of your surroundings.
You sensed 3 altars, and 1 shop/portal.
It was a scroll of revelation.
An orc zombie comes into view.
The goblin skeleton misses you. The ogre closely misses you.
Found 10 gold pieces.
As you read the scroll labelled MUTHRI UDYGITS, it crumbles to dust.
It is a scroll of identify.
d - a scroll of immolation The goblin skeleton closely misses you.
As you read the scroll labelled RAOFAC FEQI, it crumbles to dust.
It is a scroll of enchant armour.
You aren't carrying any armour which can be enchanted further.
The ogre hits you with a +0 giant club!!
You die...

*,****##* #<.........#*,,*
*,,,,*#.####..........,,,*
**,**,,..>#............,,,**
**,,,***...............#,,,,*
*,,,,,*#...............#,,,**
,,,,,,,##.........#....#,,,*
,,,_,,,.................,,**
,,,,,,,#...............#******
*,,,,,*#......##h##.....** *,**
**,,,***#...#.#ZO#..#...,***,,*
,**,**,*.......ZZ..##..#***,,,***
,,*,,,,,.#..#.....Z.#...,,*,,,,,,
,***,,,,,....+.._..+..$.,,,,,**,,
,,***,,,,....#......#...,***,*,,,
*,,**,,,,#..##.....##...***,,,,,*
*,,**,,,,#..####+####...,*,,**,,*
,,,,,,,,,,,,*,**,*,**,,,,**,**,,*


You could see an ogre, a goblin zombie, 2 orc zombies and a goblin skeleton.

Vanquished Creatures
  A crimson imp (D:5)
  Terence (D:2)
  An orc wizard (D:3)
  Natasha (thrice) (D:3)
  2 adders
  4 dart slugs (D:1)
  A ribbon worm (D:3)
  10 orcs
  A ball python (D:1)
  2 endoplasms
  3 giant cockroaches
  4 goblins
  A hobgoblin (D:3)
  3 jackals (D:2)
  3 kobolds (D:1)
  2 quokkas
  8 bats
  8 frilled lizards
  2 kobold skeletons (D:5)
  5 rats
65 creatures vanquished.

Notes
Turn   | Place    | Note
-------+----------+-------------------------------------------
     0 | D:1      | RotoRooter the Draconian Shapeshifter began the quest for
                  | the Orb.
     0 | D:1      | Reached XP level 1. HP: 16/16 MP: 1/1
   193 | D:1      | Reached XP level 2. HP: 23/23 MP: 2/2
   795 | D:1      | Reached XP level 3. HP: 29/29 MP: 3/3
  1243 | D:2      | Found a faded altar of an unknown god.
  1291 | D:2      | Found Wiew's Distillery.
  1301 | D:2      | Bought a potion of curing for 36 gold pieces
  1337 | D:2      | Noticed Terence
  1345 | D:2      | Killed Terence
  1417 | D:2      | Reached XP level 4. HP: 32/36 MP: 4/4
  1941 | D:3      | Noticed Natasha
  2251 | D:3      | Killed Natasha
  2252 | D:3      | Reached XP level 5. HP: 31/42 MP: 5/5
  2296 | D:3      | Noticed Natasha
  2305 | D:3      | Killed Natasha
  2381 | D:3      | Noticed Natasha
  2386 | D:3      | Killed Natasha
  2509 | D:3      | Found a snail-covered altar of Cheibriados.
  2795 | D:5      | Entered Level 5 of the Dungeon
  2808 | D:5      | Noticed an ogre
  2818 | D:5      | Found a glowing golden altar of the Shining One.
  2829 | D:5      | Slain by an ogre

Illustrated notes

Levels and vault maps discovered:
D:1:      sevenhm_arrival_forest_fort_large_4, layout_basic,
          chequers_decorated_corner
D:2:      layout_basic, serial_shops, shop,
          shapermc_ecumenical_altar_flowoftime, uniq_terence
D:3:      layout_rooms, nicolae_overflow_crystal_walls, uniq_natasha
D:4:      layout_basic
D:5:      layout_cave_pools, nicolae_ru_the_path_less_chosen, led_sif_book,
          nicolae_tso_besieged_by_evil, lemuel_round_altar,
          ebering_ghost_sewer_d, portal_sewer_entry_e, nicolae_half_adder

Skill      XL: |  1  2  3  4  5 |
---------------+----------------+-----
Dodging        | 2 3 |  3.0
Fighting       | 2 3 |  3.0
Unarmed Combat | 4 |  4.0
Shapeshifting  | 4 |  4.4

Action                     |  1- 3 |  4- 6 || total
---------------------------+-------+-------++-------
  Melee: Unarmed           |    74 |    95 ||   169
         Tailslap          |     9 |     9 ||    18
         Punch             |       |     2 ||     2
  Throw: Javelin           |       |     2 ||     2
    Use: Potion            |     1 |     3 ||     4
         Scroll            |       |     3 ||     3
 Armour: Skin              |    32 |    69 ||   101
  Dodge: Dodged            |    46 |    73 ||   119
